AoeStats
← cos303

Arena

507560283Analyzed
3v3 RM · 12d ago on Sep 18, 2026· 40m 40s· 6 players
Game mode
Random Map
Map size
Normal (6 player)
Population
200
Speed
Normal
Resources
Standard
Victory
Conquest
Starting age
Dark Age
Ending age
Imperial Age
RankedLock teamsTeams togetherTeam positionsShared explorationLock speedFull tech treeHidden civsTurbo modeCheats
Victory
Defeat
🇹🇷 Lithuanians · Türkiye
1092
+11
🇹🇷 Bohemians · Türkiye
989
+15
🇹🇷 Byzantines · Türkiye
959
+15
🇪🇸 Lithuanians · Spain
981
-14
🇪🇸 Italians · Spain
977
-14
🇪🇸 Sicilians · Spain
941
-13
Kavote
8:08 Loom
10:15 Feudal Age
11:11 Double-Bit Axe
13:53 Wheelbarrow
13:30 Horse Collar
17:55 Castle Age
18:04 Forging
17:51 Fletching
18:49 Bow Saw
19:25 Heavy Plow
20:04 Squires
20:52 Town Watch
28:14 Imperial Age
26:19 Padded Archer Armor
28:44 Ballistics
28:42 Elite Genoese Crossbowman
30:32 Bodkin Arrow
30:53 Leather Archer Armor
31:52 Chemistry
31:23 Caravan
32:28 Thumb Ring
32:36 Bracer
34:24 Ring Archer Armor
34:41 Arson
34:58 Scale Mail Armor
35:34 Iron Casting
36:54 Chain Mail Armor
El Pachangas
10:15 Loom
12:48 Feudal Age
13:38 Double-Bit Axe
13:35 Horse Collar
18:20 Forging
19:29 Gold Mining
19:30 Stone Mining
20:19 Wheelbarrow
19:32 Town Watch
21:03 Scale Mail Armor
24:21 Castle Age
25:51 Bow Saw
25:51 Pikeman
28:39 Iron Casting
29:28 Heavy Plow
30:54 Chain Mail Armor
30:44 Squires
33:03 Arson
33:25 Husbandry
33:37 Scale Barding Armor
35:01 Hand Cart
41:13 Imperial Age
40:04 Chain Barding Armor
39:47 Town Patrol
40:11 First Crusade
cos303
9:15 Loom
12:30 Feudal Age
14:00 Horse Collar
21:51 Castle Age
21:10 Double-Bit Axe
22:18 Pikeman
23:46 Gold Mining
24:20 Bow Saw
29:26 Forging
29:22 Squires
29:31 Husbandry
29:44 Bloodlines
29:28 Stone Mining
29:40 Heavy Plow
31:55 Stone Shaft Mining
32:22 Scale Barding Armor
32:28 Town Watch
35:30 Wheelbarrow
37:27 Man-at-Arms
38:17 Scale Mail Armor
38:54 Iron Casting
38:37 Hill Forts
REPLICANT
11:19 Feudal Age
12:20 Double-Bit Axe
19:28 Castle Age
19:37 Forging
21:26 Bow Saw
21:04 Horse Collar
21:40 Gambesons
23:29 Man-at-Arms
24:17 Squires
23:40 Elite Skirmisher
24:49 Caravan
25:24 Pikeman
27:30 Heavy Plow
28:42 Scale Mail Armor
28:53 Forging
28:47 Loom
30:27 Gold Mining
30:30 Stone Mining
32:16 Chain Mail Armor
32:37 Iron Casting
34:05 Thumb Ring
34:53 Treadmill Crane
35:37 Ballistics
35:14 Murder Holes
38:16 Imperial Age
37:47 Fletching
38:01 Padded Archer Armor
Babuali
5:04 Loom
11:39 Feudal Age
13:02 Double-Bit Axe
17:00 Castle Age
15:32 Horse Collar
17:26 Wheelbarrow
17:45 Heavy Plow
19:50 Bow Saw
26:46 Town Watch
27:17 Hand Cart
26:54 Gold Mining
26:56 Stone Mining
28:59 Stone Shaft Mining
28:27 Town Patrol
31:50 Imperial Age
30:04 Forging
29:57 Light Cavalry
30:57 Husbandry
31:23 Bloodlines
32:20 Iron Casting
31:51 Scale Barding Armor
31:55 Cavalier
33:15 Paladin
35:05 Chain Barding Armor
36:44 Conscription
37:34 Plate Barding Armor
39:39 Caravan
41:31 Two-Man Saw
41:05 Crop Rotation
BurakHAN
9:52 Loom
12:04 Feudal Age
12:25 Feudal Age
16:17 Castle Age
14:22 Double-Bit Axe
14:47 Horse Collar
17:15 Bow Saw
18:03 Heavy Plow
18:22 Fervor
19:36 Wheelbarrow
23:33 Hand Cart
31:04 Imperial Age
28:20 Treadmill Crane
29:38 Padded Archer Armor
29:29 Fletching
30:45 Chemistry
29:56 Masonry
30:03 Fortified Wall
29:33 Pikeman
30:14 Squires
30:43 Town Watch
31:21 Ballistics
30:59 Murder Holes
31:14 Masonry
31:20 Fortified Wall
31:18 Bodkin Arrow
31:42 Leather Archer Armor
32:07 Conscription
32:06 Wagenburg Tactics
33:50 Town Patrol
34:24 Ring Archer Armor
33:54 Bracer
34:05 Forging
33:56 Scale Mail Armor
34:08 Scale Barding Armor
33:41 Elite Hussite Wagon
34:32 Light Cavalry
35:13 Husbandry
36:26 Two-Man Saw
36:35 Iron Casting
35:46 Halberdier
36:08 Elite Skirmisher
37:19 Chain Mail Armor
37:27 Chain Barding Armor
38:36 Blast Furnace
39:34 Plate Mail Armor
39:08 Houfnice
39:16 Crossbowman
Connection lost

Rejoining the realm…

Still unreachable

The connection could not be restored.

Session expired

The server has moved on; the page needs a fresh start.